 Dungeon Crawl Stone Soup version 0.20-a0-390-g4892b34 (webtiles) character file.

140 TheGoonsmith the Chiller (level 5, -1/35 HPs)
             Began as a Merfolk Ice Elementalist on Dec 30, 2016.
             Was a Follower of Dithmenos.
             Slain by an ogre
             ... wielding a +0 giant club
              (15 damage)
             ... on level 4 of the Dungeon.
             The game lasted 00:07:04 (3632 turns).

TheGoonsmith the Chiller (Merfolk Ice Elementalist) Turns: 3632, Time: 00:07:04

Health: -1/35      AC:  4    Str:  9    XL:     5   Next: 23%
Magic:  7/9        EV: 13    Int: 15    God:    Dithmenos [*.....]
Gold:   165        SH:  0    Dex: 14    Spells: 4/10 levels left

rFire  . . .     SeeInvis .     t - +0 mace
rCold  . . .     Gourm    .     a - +0 robe
rNeg   . . .     Faith    .     (no shield)
rPois  .         Spirit   .     r - +1 helmet
rElec  .         Reflect  .     (no cloak)
rCorr  .         Harm     .     (no gloves)
MR     .....                    (no boots)
Stlth  ++........               (no amulet)
                                (no ring)
                                (no ring)

@: wreathed by umbra
A: change form in water, swift swim, stealthy swim
a: Renounce Religion


You were on level 4 of the Dungeon.
You worshipped Dithmenos.
Dithmenos was aware of your devotion.
You were hungry.

You visited 1 branch of the dungeon, and saw 4 of its levels.

You collected 165 gold pieces.

Inventory:

Hand Weapons
 g - a +0 dagger
 n - a +0 hunting sling
 t - a +0 mace (weapon)
Missiles
 o - 19 sling bullets
Armour
 a - a +0 robe (worn)
 r - a +1 helmet (worn)
Rods
 u - a +2 iron rod (1/11)
   (You found it on level 4 of the Dungeon)
Scrolls
 d - a scroll of blinking {unknown}
 e - 2 scrolls of fog
 j - 3 scrolls of identify
 l - a scroll of recharging
 s - a scroll of random uselessness {unknown}
Potions
 h - 3 potions of degeneration
 i - a potion of magic {unknown}
 k - 2 potions of cancellation {unknown}
 m - a potion of resistance {unknown}
 p - a potion of lignification {unknown}
Books
 b - a book of Frost

   Spells                             Type                      Level
   a - Freeze                         Ice                          1
   b - Throw Frost                    Conjuration/Ice              2
   c - Ozocubu's Armour               Charms/Ice                   3
   d - Throw Icicle                   Conjuration/Ice              4
   e - Summon Ice Beast               Ice/Summoning                4
Comestibles
 c - a bread ration
 f - 3 slices of pizza
 q - 7 chunks of flesh


   Skills:
 - Level 2.6 Dodging
 - Level 2.1 Stealth
 - Level 3.2 Spellcasting
 - Level 0.7 Conjurations
 + Level 5.4 Ice Magic


You had 4 spell levels left.
You knew the following spells:

 Your Spells              Type           Power        Failure   Level  Hunger
a - Freeze                Ice            ###.         1%          1    #......
b - Throw Frost           Conj/Ice       ##....       12%         2    ##.....
c - Ozocubu's Armour      Chrm/Ice       ##......     21%         3    ###....


Dungeon Overview and Level Annotations

Branches:
Dungeon (4/15)             Temple (0/1) D:4

Altars:
Dithmenos


Message History

Wield which item (- for none, * to show all)? (? for menu, Esc to quit)
t - a +0 mace (weapon)
Casting: Freeze
Confirm with . or Enter, or press ? or * to list all spells.
Aiming: Freeze
Press: ? - help, Shift-Dir - straight line, f/p - ogre
Aim: an ogre, wielding a giant club (moderately wounded, umbra)
You freeze the ogre.
The ogre is heavily wounded.
The ogre hits you with a giant club!!
Ouch! That really hurt!
Casting: Freeze
Confirm with . or Enter, or press ? or * to list all spells.
Aiming: Freeze
Press: ? - help, Shift-Dir - straight line, f/p - ogre
Aim: an ogre, wielding a giant club (heavily wounded, umbra)
You freeze the ogre.
The ogre is almost dead.
The ogre hits you with a giant club!
You die...

*,* *,####........<...#
*,* #,* #.##.#########
*,* #.####.##.#
*,****##....[....#
*,,,,,........####
*,****######..#
*,***###** #..#
*,,,,,...* #..#########
*
*******#.###....@O....#
* *,,...#..)######># *
***,**#.#..#.#* #.# *
*,,,* #....##.#* #.# *
*,*,**#.....##.#*#.# **
*,*,,.......###.##.####
**,
*,**###.....##........#
*.# *,*
##...##.####.##.# **.
*,* ##..#,,,,...##.# *#


You could see an ogre.

Vanquished Creatures
  3 gnolls
  4 adders
  An ooze (D:1)
  2 dart slugs
  3 leopard geckos (D:1)
  4 orcs
  A ball python (D:1)
  4 bats
  2 giant cockroaches
  11 goblins
  6 hobgoblins
  3 jackals
  2 quokkas
  A frilled lizard (D:2)
  7 kobolds
  4 rats
58 creatures vanquished.

Notes
Turn   | Place    | Note
-------+----------+-------------------------------------------
     0 | D:1      | TheGoonsmith the Merfolk Ice Elementalist began the quest for the Orb.
     0 | D:1      | Reached XP level 1. HP: 13/13 MP: 3/3
   301 | D:1      | Reached XP level 2. HP: 19/19 MP: 3/5
   742 | D:1      | Reached skill level 4 in Ice Magic
  1064 | D:2      | Found a shadowy altar of Dithmenos.
  1102 | D:2      | Reached XP level 3. HP: 19/24 MP: 3/6
  1157 | D:2      | Became a worshipper of Dithmenos the Shadowed
  1437 | D:1      | Learned a level 2 spell: Throw Frost
  1441 | D:1      | Learned a level 3 spell: Ozocubu's Armour
  1516 | D:1      | Reached XP level 4. HP: 12/30 MP: 2/8
  2466 | D:2      | Reached skill level 5 in Ice Magic
  3006 | D:3      | Reached XP level 5. HP: 34/35 MP: 6/9
  3333 | D:3      | Reached * piety under Dithmenos
  3419 | D:4      | Found a staircase to the Ecumenical Temple.
  3582 | D:4      | Noticed an ogre
  3632 | D:4      | Slain by an ogre

Vault maps used:
D:1:      scummos_arrival_gate
D:2:      overflow_temple_1_default

Skill      XL: |  1  2  3  4 |
---------------+-------------+-----
Ice Magic      | 4 5 |  5.4
Spellcasting   | 3 |  3.2
Dodging        | |  2.6
Stealth        | |  2.1
Conjurations   | |  0.7

Action                   |  1- 3 |  4- 6 || total
-------------------------+-------+-------++-------
Melee: Unarmed           |     1 |       ||     1
       Dagger            |     7 |     4 ||    11
 Cast: Freeze            |    51 |    55 ||   106
Evoke: Rod               |       |     2 ||     2
  Use: Potion            |     1 |       ||     1
       Scroll            |       |     5 ||     5
  Eat: Chunk             |     2 |     7 ||     9
Armor: Robe              |     9 |     3 ||    12
Dodge: Dodged            |    27 |    31 ||    58
